 Dungeon Crawl Stone Soup version 0.27-a0-1123-g2f9bb313c0 (webtiles) character file.

Game seed: 16787030770105535732

20141 robertstho the Warrior (level 12, -18/181 HPs)
             Began as a Minotaur Berserker on May 3, 2021.
             Was a High Priest of Trog.
             Demolished by a tengu warrior
             ... wielding a +0 bardiche
              (26 damage)
             ... on level 13 of the Dungeon.
             The game lasted 00:13:56 (12876 turns).

robertstho the Warrior (Minotaur Berserker)        Turns: 12876, Time: 00:13:57

Health: -18/181    AC: 11    Str: 31    XL:     12   Next: 42%
Magic:  3/3        EV: 13    Int:  5    God:    Trog [*****.]
Gold:   1085       SH:  5    Dex: 11    Spells: 11/11 levels left

rFire    + . .     SeeInvis .   G - +6 battleaxe of Pelotuf {antimagic, *Corrode rPois Will+ Stlth+}
rCold    + . .     Faith    .   (shield currently unavailable)
rNeg     + . .     Spirit   .   w - +0 plate armour
rPois    +         Reflect  +   u - -2 hat of the Alchemist {rElec rPois rF+ rC+ rN+ Will+ rMut rCorr}
rElec    +         Harm     .   (no cloak)
rCorr    +         Rampage  .   c - +0 pair of gloves
rMut     +                      (no boots)
Will     ++...                  m - amulet of reflection
Stlth    ..........             j - +6 ring of strength
HPRegen  0.40/turn              A - +4 ring of evasion
MPRegen  0.08/turn

@: berserking (expiring), corroded, studying Fighting, very quick
A: horns 2, retaliatory headbutt
a: Renounce Religion, Berserk, Trog's Hand, Brothers in Arms


You were on level 13 of the Dungeon.
You worshipped Trog.
Trog was extremely pleased with you.
You visited 1 branch of the dungeon, and saw 13 of its levels.

You collected 1085 gold pieces.

Inventory:

Hand Weapons
 a - a +0 hand axe
 G - the +6 battleaxe of Pelotuf (weapon) {antimagic, *Corrode rPois Will+ Stlth+}
   (You found it on level 9 of the Dungeon)

   It reduces the magical energy of the wielder, and disrupts the spells and
   magical abilities of those hit.
   Natural abilities and divine invocations are not affected.
   It protects you from poison.
   It may corrode you when you take damage.
   It increases your willpower.
   It makes you more stealthy.
 O - the +7 dire flail of Mayhem {flame, Contam rF++ Str+5}
   (Trog gifted it to you on level 12 of the Dungeon)

   It has been specially enchanted to burn those struck by it, causing extra
   injury to most foes and up to half again as much damage against particularly
   susceptible opponents.
   It affects your strength (+5).
   It greatly protects you from fire.
   It causes magical contamination when unequipped.
Missiles
 r - 3 curare-tipped darts
 x - 4 throwing nets
Armour
 c - a +0 pair of gloves (worn)
 u - the -2 hat of the Alchemist (worn) {rElec rPois rF+ rC+ rN+ Will+ rMut rCorr}
   (You found it on level 11 of the Dungeon)

   It protects you from fire.
   It protects you from cold.
   It insulates you from electricity.
   It protects you from poison.
   It protects you from negative energy.
   It protects you from acid and corrosion.
   It protects you from mutation.
   It increases your willpower.
 w - a +0 plate armour (worn)
Jewellery
 j - a +6 ring of strength (left hand)
 m - an amulet of reflection (around neck)
 A - a +4 ring of evasion (right hand)
 B - a ring of poison resistance
 H - an amulet of regeneration
 I - a ring of fire
Wands
 F - a wand of flame (31)
 Q - a wand of acid (9)
Scrolls
 b - 4 scrolls of silence {unknown}
 d - a scroll of holy word {unknown}
 e - 3 scrolls of teleportation {unknown}
 f - 2 scrolls of immolation
 g - 3 scrolls of magic mapping
 k - 2 scrolls of enchant weapon {unknown}
 n - 4 scrolls of fear {unknown}
 o - 3 scrolls of amnesia {unknown}
 p - 5 scrolls of blinking {unknown}
 v - 3 scrolls of noise {unknown}
 y - a scroll of vulnerability
 z - a scroll of summoning
 N - a scroll of brand weapon {unknown}
Potions
 h - 12 potions of curing
 i - 3 potions of flight
 l - 8 potions of heal wounds
 q - a potion of resistance {unknown}
 s - a potion of haste
 t - 3 potions of mutation {unknown}
 C - a potion of brilliance {unknown}
 D - a potion of attraction {unknown}
 E - 3 potions of ambrosia
 J - a potion of berserk rage {unknown}
 K - a potion of might
 M - a potion of invisibility {unknown}
Miscellaneous
 L - a condenser vane
 P - a piece from Xom's chessboard (15/15)


   Skills:
 * Level 15.2 Fighting
 + Level 14.8 Axes
 * Level 12.9 Armour
 + Level 3.7 Dodging
 + Level 1.2 Stealth
 + Level 4.9 Shields


You had 11 spell levels left.
You didn't know any spells.
Your spell library was empty.

Dungeon Overview and Level Annotations

Branches:
Dungeon (13/15)            Temple (0/1) D:6            Lair (0/6) D:9
    Orc (0/2) D:10
 Vaults: D:13-14

Altars:
Ashenzari
Cheibriados
Dithmenos
Fedhas
Nemelex Xobeh
Sif Muna
Trog
Uskayaw
Vehumet
Xom
Yredelemnul
The Shining One

Shops:
D:8 :   D:12 =

Portals:
Trove: D:12 (give 4 scrolls of fear)


Innate Abilities, Weirdness & Mutations

You have a pair of horns on your head.
You reflexively headbutt those who attack you in melee.


Message History

You block the tengu warrior's attack.
You barely miss the tengu warrior. Your headbutt misses the tengu warrior.
The tengu warrior is almost dead.
The tengu warrior hits you from afar with a +0 bardiche.
* * * LOW HITPOINT WARNING * * *
You carve the tengu warrior like a turkey!!!
You kill the tengu warrior!
Trog accepts your kill. The tengu warrior closely misses you.
You furiously retaliate!
You headbutt the tengu warrior! The tengu warrior pecks you.
* * * LOW HITPOINT WARNING * * *
Your corrosive artefact corrodes you!
The tengu warrior barely misses you.
Items here: $ ( ))) ? [[ ††.
You miss the tengu warrior. Your headbutt misses the tengu warrior.
The tengu warrior is moderately wounded.
The tengu warrior hits you with a +0 bardiche.
* * * LOW HITPOINT WARNING * * *
The tengu warrior closely misses you. The tengu warrior barely misses you.
You closely miss the tengu warrior. Your headbutt misses the tengu warrior.
The tengu warrior is moderately wounded.
You completely miss the tengu warrior.
The tengu warrior is moderately wounded.
The tengu warrior misses you. The tengu warrior barely misses you.
The tengu warrior claws you but does no damage.
You slash the tengu warrior!
The tengu warrior is moderately wounded.
The tengu warrior hits you with a +0 bardiche.
* * * LOW HITPOINT WARNING * * *
The tengu warrior barely misses you. The tengu warrior misses you.
Your plate armour prevents you from hitting the tengu warrior.
The tengu warrior is moderately wounded.
You miss the tengu warrior. Your headbutt misses the tengu warrior.
The tengu warrior is moderately wounded.
The tengu warrior hits you with a +0 bardiche!!
* * * LOW HITPOINT WARNING * * *
The tengu warrior closely misses you. The tengu warrior misses you.
Your plate armour prevents you from hitting the tengu warrior.
The tengu warrior is moderately wounded.
The tengu warrior hits you with a +0 bardiche!!
You die...

≈≈≈≈.#.### .........#
#.##.###.# ##.##.# #.#
#.....###.# #..##.....#
###..####.#.# ......Q##.#.# ##
..#.@....########
###..####.##........
##.........##.######. #
#...######.......# # #...#
#.#..#..# # #
#...######.#..#..###..# #
#...#......#..........# #
#......>...#.#...##..... #
#######...#.###..#.#...##.....


You could see a tengu warrior.

Vanquished Creatures
  Erolcha (D:9)
  A catoblepas (D:13)
  2 centaur warriors (D:13)
  A tengu warrior (D:13)
  A wizard (D:12)
  5 large abominations (D:12)
  An ugly thing (D:13)
  2 cyclopes
  Joseph (D:7)
  A gargoyle (D:10)
  2 kobold demonologists (D:12)
  A tengu conjurer (D:13)
  2 trolls
  10 slime creatures
  A shadow (D:12)
  A wyvern (D:9)
  25 yaks
  2 wraiths
  3 vampire mosquitoes (D:12)
  An acid dragon (D:11)
  4 orc warriors (D:10)
  2 necrophages (D:4)
  14 centaurs
  2 phantoms
  7 kobold brigands
  3 bullfrogs
  A scorpion (D:4)
  2 gnoll sergeants
  2 wyvern skeletons (D:7)
  The ghost of NateTC the Covered, a weakling MiFi (D:3)
  2 water moccasin skeletons (D:5)
  4 wights (D:6)
  3 centaur zombies
  2 bullfrog zombies (D:5)
  4 hounds
  An orc priest (D:8)
  A jelly (D:7)
  2 gnoll shamans
  2 iguanas
  2 centaur skeletons
  Natasha (thrice) (D:3)
  12 orc wizards
  A killer bee zombie (D:4)
  7 small abominations (D:12)
  Robin (D:3)
  A howler monkey zombie (D:10)
  5 adders
  21 gnolls
  A worm (D:3)
  11 dart slugs
  28 orcs
  7 ball pythons
  5 bats
  4 endoplasms
  2 giant cockroaches (D:2)
  11 hobgoblins
  30 kobolds
  5 quokkas
  5 frilled lizards
  15 goblins
  4 rats
304 creatures vanquished.

Vanquished Creatures (collateral kills)
  A slime creature (D:13)
1 creature vanquished.

Vanquished Creatures (others)
  8 plants (D:6)
8 creatures vanquished.

Grand Total: 313 creatures vanquished

Notes
Turn   | Place    | Note
-------+----------+-------------------------------------------
     0 | D:1      | robertstho the Minotaur Berserker began the quest for the
                  | Orb.
     0 | D:1      | Reached XP level 1. HP: 19/19 MP: 0/0
   197 | D:1      | Reached skill level 4 in Fighting
   277 | D:1      | Reached XP level 2. HP: 27/27 MP: 1/1
   718 | D:1      | Reached XP level 3. HP: 34/34 MP: 2/2
  1143 | D:2      | Noticed a centaur
  1150 | D:2      | Killed a centaur
  1151 | D:2      | Reached skill level 5 in Fighting
  1151 | D:2      | Reached XP level 4. HP: 32/42 MP: 3/3
  1704 | D:3      | Reached XP level 5. HP: 28/48 MP: 4/4
  1841 | D:3      | Noticed Robin
  1844 | D:3      | Reached ** piety under Trog
  1851 | D:3      | Killed Robin
  1997 | D:3      | Found a faded altar of an unknown god.
  1997 | D:3      | Found a glowing golden altar of the Shining One.
  2073 | D:3      | Found a runed translucent gate.
  2074 | D:3      | Found a runed translucent gate.
  2074 | D:3      | Noticed NateTC's ghost (weakling MiFi)
  2075 | D:3      | Found a runed translucent gate.
  2384 | D:3      | Noticed Natasha
  2388 | D:3      | Killed Natasha
  2461 | D:3      | Noticed Natasha
  2470 | D:3      | Killed Natasha
  2471 | D:3      | Reached skill level 5 in Axes
  2585 | D:3      | Reached XP level 6. HP: 57/57 MP: 5/5
  2614 | D:3      | Noticed Natasha
  2624 | D:3      | Killed Natasha
  2625 | D:3      | Reached skill level 6 in Fighting
  2962 | D:3      | Killed NateTC's ghost
  3052 | D:4      | Reached *** piety under Trog
  3053 | D:4      | Reached skill level 1 in Stealth
  3106 | D:4      | Reached skill level 5 in Armour
  3106 | D:4      | Reached XP level 7. HP: 26/64 MP: 6/6
  3510 | D:4      | Found a shadowy altar of Dithmenos.
  3782 | D:5      | Entered Level 5 of the Dungeon
  3834 | D:5      | Reached skill level 1 in Shields
  3913 | D:5      | Found a sparkling altar of Nemelex Xobeh.
  4016 | D:5      | Reached skill level 7 in Fighting
  4046 | D:5      | Reached XP level 8. HP: 73/73 MP: 7/7
  4312 | D:5      | Found a basalt altar of Yredelemnul.
  4329 | D:5      | Reached **** piety under Trog
  4655 | D:6      | Identified the +2 falchion "Duosub" {vorpal, Str+2}
  4860 | D:6      | Found a staircase to the Ecumenical Temple.
  5142 | D:6      | Found a snail-covered altar of Cheibriados.
  5154 | D:6      | Found a shimmering blue altar of Sif Muna.
  5489 | D:7      | Reached skill level 8 in Fighting
  5964 | D:7      | Found a hide-covered altar of Uskayaw.
  5965 | D:7      | Noticed a +0 hand axe
  5966 | D:7      | Noticed a +0 hand axe
  6156 | D:7      | Noticed Joseph
  6178 | D:7      | Killed Joseph
  6179 | D:7      | Reached XP level 9. HP: 59/82 MP: 8/8
  6495 | D:8      | Found Riptuov's Book Emporium.
  7313 | D:8      | Found a radiant altar of Vehumet.
  7314 | D:8      | Found a shimmering altar of Xom.
  7314 | D:8      | Found a blossoming altar of Fedhas.
  7315 | D:8      | Found a bloodstained altar of Trog.
  7567 | D:9      | Found a staircase to the Lair.
  7591 | D:9      | Reached ***** piety under Trog
  7701 | D:9      | Reached skill level 9 in Fighting
  7763 | D:9      | Noticed Erolcha
  7770 | D:9      | Killed Erolcha
  7771 | D:9      | Reached skill level 10 in Axes
  7773 | D:9      | Found a broken altar of Ashenzari.
  7912 | D:9      | Identified the +6 battleaxe of Pelotuf {antimagic, *Corrode
                  | rPois Will+ Stlth+}
  8043 | D:9      | Reached skill level 10 in Armour
  8045 | D:9      | Reached XP level 10. HP: 44/92 MP: 3/9
  8427 | D:9      | Reached skill level 10 in Fighting
  8552 | D:10     | Entered Level 10 of the Dungeon
  8704 | D:10     | Received a gift from Trog
  8974 | D:10     | Reached skill level 11 in Fighting
  9150 | D:10     | Found a staircase to the Orcish Mines.
  9187 | D:10     | Noticed a gargoyle
  9192 | D:10     | Killed a gargoyle
  9273 | D:10     | Reached XP level 11. HP: 71/102 MP: 3/10
  9830 | D:10     | Identified a scroll of acquirement
  9831 | D:10     | Acquired a manual of Fighting
 10199 | D:11     | Found the -2 hat of the Alchemist {rElec rPois rF+ rC+ rN+
                  | Will+ rMut rCorr}
 10352 | D:11     | Reached skill level 12 in Fighting
 10987 | D:12     | Noticed a wizard
 10991 | D:12     | Killed a wizard
 10996 | D:12     | Noticed a large abomination
 11004 | D:12     | Killed a large abomination
 11007 | D:12     | Reached skill level 13 in Fighting
 11186 | D:12     | Found a portal to a secret trove of treasure.
 11434 | D:12     | Found Lizxuwap's Jewellery Shop.
 11593 | D:12     | Identified the +7 dire flail of Mayhem {flame, Contam rF++
                  | Str+5} (Trog gifted it to you on level 12 of the Dungeon)
 11593 | D:12     | Received a gift from Trog
 11593 | D:12     | Reached ****** piety under Trog
 11594 | D:12     | Reached XP level 12. HP: 108/116 MP: 3/11
 11596 | D:12     | Reached skill level 14 in Fighting
 12086 | D:13     | Noticed a centaur warrior
 12286 | D:13     | Killed a centaur warrior
 12446 | D:13     | Noticed a catoblepas
 12451 | D:13     | Killed a catoblepas
 12820 | D:13     | Noticed a vault guard
 12852 | D:13     | Noticed a centaur warrior
 12855 | D:13     | Noticed a tengu warrior
 12856 | D:13     | Noticed a tengu warrior
 12863 | D:13     | Killed a centaur warrior
 12864 | D:13     | Reached skill level 15 in Fighting
 12868 | D:13     | Killed a tengu warrior
 12875 | D:13     | HP: 8/181 [tengu warrior/+0 bardiche (21)]
 12876 | D:13     | Demolished by a tengu warrior

Illustrated notes

Levels and vault maps discovered:
D:1:      kilobyte_arrival_exit_the_forest, layout_rooms
D:2:      layout_rooms, serial_park_tiny_pond
D:3:      layout_basic, amcnicky_altar_gilded, gammafunk_ghost_split,
          hellmonk_ecumenical_altar_heavens_door, kennysheep_nondescript,
          uniq_robin, uniq_natasha
D:4:      layout_cave_pools, old_standard_altar
D:5:      kennysheep_slugbush, layout_gridville, lemuel_doored_altar,
          yredelemnul_altar_generic
D:6:      layout_basic, nicolae_overflow_crystal_walls, kennysheep_mini_moat,
          minmay_temple_entry_gardened_gates, lexackson_kobold_supper
D:7:      layout_loops_cross, dancing_weapons_uskayaw, kennysheep_flooded_box,
          uniq_joseph
D:8:      layout_loops_corners, chequers_temple_overflow_statue_of_worship,
          serial_shops, nicolae_shop_statue_plus
D:9:      layout_stronghold, nicolae_ashenzari_panopticon, lair_entry_dummy,
          uniq_erolcha
D:10:     layout_gridville, david_orc_4, minmay_liquid_box
D:11:     layout_cave_pools
D:12:     layout_irregular_city, serial_shops, nicolae_shop_trees,
          nicolae_trove_entry_diagonal, chequers_serial_rivers_micro_a,
          st_stairs_8, laboratory
D:13:     layout_loops_cross, grunt_vaults_entry_fortified, uniq_josephine

Skill      XL: |  1  2  3  4  5  6  7  8  9 10 11 12 |
---------------+-------------------------------------+-----
Fighting       | 4 5 6 7 8 9 11 13 15 | 15.2
Axes           | 4 5 6 7 9 10 12 14 | 14.8
Armour         | 3 5 6 8 10 11 12 | 12.9
Dodging        | 3 |  3.7
Stealth        | 1 |  1.2
Shields        | 1 2 3 4 |  4.9

Action                   |  1- 3 |  4- 6 |  7- 9 | 10-12 || total
-------------------------+-------+-------+-------+-------++-------
Melee: Hand axe          |    53 |   117 |   287 |       ||   457
       Headbutt          |     6 |    20 |    64 |    80 ||   170
       Battleaxe         |       |       |    12 |   281 ||   293
Invok: Berserk           |     1 |     7 |     4 |     6 ||    18
       Brothers in Arms  |       |       |       |     1 ||     1
  Use: Scroll            |       |     5 |     1 |     7 ||    13
       Potion            |       |       |       |     2 ||     2
Armor: Animal skin       |    12 |       |       |       ||    12
       Ring mail         |     3 |    30 |       |       ||    33
       Chain mail        |       |    15 |    65 |       ||    80
       Plate armour      |       |       |   103 |   134 ||   237
Dodge: Dodged            |    42 |    59 |   116 |   139 ||   356
Block: Other             |       |     6 |    69 |    67 ||   142
       Reflection        |       |       |     9 |     8 ||    17

Table legend: (Time is in decaauts)
 A = Elapsed time spent in this place.
 B = Non-inter-level travel time spent in this place.
 C = Inter-level travel time spent in this place.
 D = Time resting spent in this place.
 E = Time spent auto-exploring this place.
 F = Levels seen in this place.
 G = Mean time per level.
                   A        B        C        D        E       F      G
               +--------+--------+--------+--------+--------+-----+--------+
         Total |  13061 |  12391 |    670 |    927 |   9846 |  13 | 1004.7 |
       Dungeon |  13061 |  12391 |    670 |    927 |   9846 |  13 | 1004.7 |
               +--------+--------+--------+--------+--------+-----+--------+

Top non-repeatable levels by time:
    D:12: 1497 daAuts
     D:3: 1383 daAuts
    D:10: 1348 daAuts
     D:7: 1171 daAuts
     D:9: 1161 daAuts
     D:1: 1097 daAuts
     D:8: 936 daAuts
     D:6: 902 daAuts
    D:13: 878 daAuts
     D:4: 801 daAuts
    D:11: 638 daAuts
     D:2: 622 daAuts
     D:5: 620 daAuts
